 Dungeon Crawl Stone Soup version 0.30.1-9-gdf580d7c3d (webtiles) character file.

Game seed: 9898949685166562105

76 jagang the Shooter (level 4, -5/34 HPs)
             Began as a Human Hunter on Sept 29, 2023.
             Slain by an ice beast (13 damage)
             ... on level 3 of the Dungeon.
             The game lasted 00:04:00 (1299 turns).

jagang the Shooter (Human Hunter)                   Turns: 1299, Time: 00:04:00

Health: -5/34      AC:  3    Str: 11    XL:     4   Next: 57%
Magic:  4/4        EV: 13    Int:  9    God:
Gold:   101        SH:  0    Dex: 19    Spells: 3/3 levels left

rFire   . . .        f - +1 short sword (speed)
rCold   . . .        (no shield)
rNeg    . . .        c - +0 leather armour
rPois   .            (no helmet)
rElec   .            (no cloak)
rCorr   .            (no gloves)
SInv    .            (no boots)
Will    .....        (no amulet)
Stlth   ++           (no ring)
HPRegen 0.25/turn    (no ring)
MPRegen 0.09/turn

%: no passive effects
@: no status effects
A: no striking features
a: no special abilities


You were on level 3 of the Dungeon.
You visited 1 branch of the dungeon, and saw 3 of its levels.

You collected 101 gold pieces.

Inventory:

Hand Weapons
 a - a +0 shortbow
 f - a +1 short sword of speed (weapon)
Armour
 c - a +0 leather armour (worn)
Scrolls
 b - a scroll of immolation
 d - a scroll of butterflies {unknown}
 e - a scroll of torment {unknown}
 i - 2 scrolls of identify {unknown}
 j - a scroll of fear {unknown}
 l - a scroll of enchant armour {unknown}
Potions
 g - a potion of magic {unknown}
 h - a potion of might {unknown}
 k - a potion of curing {unknown}


   Skills:
 + Level 2.3 Fighting
 * Level 2.0 Long Blades
 + Level 4.2 Ranged Weapons
 + Level 1.0 Armour
 * Level 2.9 Dodging
 - Level 1.0 Stealth


You had 3 spell levels left.
You didn't know any spells.
Your spell library was empty.

Dungeon Overview and Level Annotations

Branches:
Dungeon (3/15)

Altars:


Message History

No target in view!
You start resting.
HP restored.
You climb downwards.
The jackal barely misses you. The ice beast hits you.
The ice beast freezes you!
The jackal bites you but does no damage.
The ice beast hits you. The ice beast freezes you!
* * * LOW HITPOINT WARNING * * *
The jackal misses you.
There is a stone staircase leading up here.
You are too injured to fight recklessly!
You are too injured to fight recklessly!
You hit the ice beast but do no damage.
The jackal bites you but does no damage.
You closely miss the ice beast. The ice beast closely misses you.
You barely miss the ice beast. The jackal closely misses you.
The ice beast completely misses you.
You closely miss the ice beast. The jackal completely misses you.
You hit the ice beast.
The ice beast is lightly wounded.
The jackal closely misses you. The ice beast misses you.
You hit the ice beast.
The ice beast is moderately wounded.
The jackal bites you but does no damage.
You barely miss the ice beast.
The ice beast is moderately wounded.
The ice beast misses you. The jackal bites you.
* * * LOW HITPOINT WARNING * * *
You completely miss the ice beast.
The ice beast is moderately wounded.
The ice beast barely misses you. The jackal barely misses you.
You hit the ice beast.
The ice beast is moderately wounded.
The jackal barely misses you.
You barely miss the ice beast.
The ice beast is moderately wounded.
The ice beast hits you.
* * * LOW HITPOINT WARNING * * *
The ice beast freezes you!
You die...

## .. #.
#.##
#...
#..#
#.h#
#.@#
#Y$#
#†.#
.....
†.##...#
...
....# ..
#..... .
#.#.##
..#.#


You could see an ice beast and a jackal.

Vanquished Creatures
  2 adders (D:2)
  2 dart slugs
  6 endoplasms
  3 giant cockroaches
  5 goblins
  A hobgoblin (D:2)
  2 jackals
  8 kobolds
  4 quokkas (D:2)
  3 ball pythons
  7 bats
  A frilled lizard (D:1)
  6 rats
50 creatures vanquished.

Notes
Turn   | Place    | Note
-------+----------+-------------------------------------------
     0 | D:1      | jagang the Human Hunter began the quest for the Orb.
     0 | D:1      | Reached XP level 1. HP: 16/16 MP: 1/1
    80 | D:1      | Reached XP level 2. HP: 22/22 MP: 2/2
   306 | D:1      | Reached skill level 1 in Long Blades
   377 | D:1      | Reached XP level 3. HP: 27/27 MP: 3/3
   852 | D:2      | Reached XP level 4. HP: 33/33 MP: 4/4
  1266 | D:3      | Reached skill level 1 in Armour
  1269 | D:3      | Noticed an ice beast
  1299 | D:3      | Slain by an ice beast

Illustrated notes

Levels and vault maps discovered:
D:1:      dpeg_arrival_three_same_balls, layout_basic,
          minmay_misc_feat_enclosed, minmay_tromino_i4
D:2:      layout_basic
D:3:      minmay_roachtagon, layout_loops_ring, kennysheep_nondescript,
          uniq_pargi

Skill      XL: |  1  2  3  4 |
---------------+-------------+-----
Long Blades    | 1 2 |  2.0
Armour         | 1 |  1.0
Fighting       | |  2.3
Ranged Weapons | |  4.2
Dodging        | |  2.9
Stealth        | |  1.0

Action                     |  1- 3 |  4- 6 || total
---------------------------+-------+-------++-------
  Melee: Short sword       |     3 |    13 ||    16
   Fire: Shortbow          |    71 |    39 ||   110
   Stab: Sleeping          |     1 |       ||     1
 Armour: Leather armour    |     4 |     8 ||    12
  Dodge: Dodged            |     9 |    28 ||    37
